 Dungeon Crawl Stone Soup version 0.30-a0-557-ge2afbf3030 (webtiles) character file.

Game seed: 7402351047353210812

1449665 mrw0lf the Acrobat (level 26, 213/213 HPs)
             Began as a Gnoll Artificer on Dec 26, 2022.
             Was an Initiate of Gozag.
             Escaped with the Orb
             ... and 3 runes on Dec 27, 2022!
             The game lasted 08:37:59 (90982 turns).

mrw0lf the Acrobat (Gnoll Artificer)               Turns: 90982, Time: 08:38:00

Health: 213/213    AC: 21    Str: 25    XL:     26   Next: 98%
Magic:  39/45      EV: 34    Int:  8    God:    Gozag
Gold:   4592       SH:  5    Dex: 13    Spells: 11/62 levels left

rFire   . . .      SeeInvis +      - Unarmed
rCold   + + .      Faith    .    (shield currently unavailable)
rNeg    + + .      Spirit   .    (body armour currently unavailable)
rPois   ∞          Reflect  +    (helmet currently unavailable)
rElec   +          Harm     .    (cloak currently unavailable)
rCorr   .          Rampage  .    (gloves currently unavailable)
Will    +....                    (boots currently unavailable)
Stlth   +++                      L - amulet of reflection
HPRegen 0.55/turn                V - ring of Ybecipni {+Blink rC+ rN+}
MPRegen 0.29/turn                C - ring of Pivyuj {rC+ rN+ Str+4 Int-5 SInv}

@: storm-form, flying, wreathed by umbra, studying 3 skills, bribing [the
Dungeon, the Realm of Zot]
A: cleaving, insubstantial, flying, (fangs 1), strong nose, distributed
training, wild magic 1
0: Orb of Zot
}: 3/15 runes: serpentine, barnacled, silver
a: Blinkbolt, End Transformation, Renounce Religion, Evoke Blink, Potion
Petition, Call Merchant, Bribe Branch


You escaped.
You worshipped Gozag.
Gozag was most pleased with you.
You were a lightning-filled tempest!
You visited 11 branches of the dungeon, and saw 50 of its levels.
You visited the Abyss 1 time.
You also visited: Ice Cave.

You collected 33359 gold pieces.
You spent 9400 gold pieces at shops.
You paid 19367 gold pieces to Gozag.

Inventory:

Hand Weapons
 a - a +9 eveningstar of flaming
 K - the +5 mace of Context (melded) {drain, Int+7 Dex+2}
   (You took it off a yaktaur on level 5 of the Vaults)

   A truly terrible weapon, it drains the life of any living foe it strikes.
   Int:       It affects your intelligence (+7).
   Dex:       It affects your dexterity (+2).
 X - the +7 morningstar "Poitan" {drain, rF+ Will+}
   (You took it off a merfolk on level 4 of the Shoals)

   A truly terrible weapon, it drains the life of any living foe it strikes.
   rF:        It protects you from fire.
   Will:      It increases your willpower.
Missiles
 j - 5 throwing nets
 u - 13 javelins (quivered)
 E - 7 silver javelins
 M - 9 atropa-tipped darts
Armour
 c - the +1 kite shield of Rouz (melded) {Contam rCorr Str+2 Int+4}
   (You found it on level 13 of the Dungeon)

   Str:       It affects your strength (+2).
   Int:       It affects your intelligence (+4).
   Contam:    It causes magical contamination when unequipped.
   rCorr:     It protects you from acid and corrosion.
 p - a +2 pair of boots of rampaging (melded)
 I - the +3 hat of Pondering (melded) {ponderous, Will+ MP+10 Int+5}
   (You bought it in a shop on level 7 of the Dungeon)

   Int:       It affects your intelligence (+5).
   MP:        It affects your magic capacity (+10).
   Will:      It increases your willpower.
 J - a +2 pair of gloves of dexterity (melded)
 R - a +2 cloak of stealth (melded)
 Z - a +2 robe of the Archmagi (melded)
Jewellery
 y - the ring of Joha {rF+ Str+2}
   (You bought it in a shop on level 2 of the Elven Halls)

   [ring of protection from fire]

   Str:       It affects your strength (+2).
   rF:        It protects you from fire.
 C - the ring of Pivyuj (right fist) {rC+ rN+ Str+4 Int-5 SInv}
   (You took it off a guardian mummy on level 3 of the Crypt)

   [ring of positive energy]

   Str:       It affects your strength (+4).
   Int:       It affects your intelligence (-5).
   rC:        It protects you from cold.
   rN:        It protects you from negative energy.
   SInv:      It lets you see invisible.
 H - the ring "Gelu" {rC+ rN+ Will++ Str-3}
   (You took it off a guardian mummy on level 3 of the Crypt)

   [ring of positive energy]

   Str:       It affects your strength (-3).
   rC:        It protects you from cold.
   rN:        It protects you from negative energy.
   Will:      It greatly increases your willpower.
 L - an amulet of reflection (around neck)
 N - a +4 ring of slaying
 U - a ring of willpower
 V - the ring of Ybecipni (left fist) {+Blink rC+ rN+}
   (You bought it in a shop on level 2 of the Snake Pit)

   [ring of positive energy]

   rC:        It protects you from cold.
   rN:        It protects you from negative energy.
   +Blink:    It lets you blink.
 W - a ring of wizardry
 Y - the necklace of Bloodlust {*Rage Will++ Int-3 Slay+6}
   (You took it off a merfolk aquamancer on level 4 of the Shoals)

   [amulet of nothing]

   It extends the wearer's berserk rage when killing foes.
   Int:       It affects your intelligence (-3).
   Slay:      It affects your accuracy & damage with ranged weapons and melee
   (+6).
   *Rage:     It berserks you when you make melee attacks (+50% chance).
   Will:      It greatly increases your willpower.
Wands
 z - a wand of iceblast (3)
 D - a wand of digging (22)
Scrolls
 f - 9 scrolls of amnesia
 g - 10 scrolls of fear
 m - 4 scrolls of enchant armour
 o - 3 scrolls of brand weapon
 t - 18 scrolls of teleportation
 w - 7 scrolls of fog
 x - 2 scrolls of enchant weapon
 G - a scroll of magic mapping
Potions
 b - 2 potions of invisibility
 d - 9 potions of might
 h - 9 potions of haste
 i - 3 potions of magic
 l - 8 potions of heal wounds
 n - 8 potions of resistance
 q - 22 potions of curing
 r - 2 potions of cancellation
 F - 8 potions of mutation
 Q - 9 potions of brilliance
Miscellaneous
 e - a condenser vane
 k - a tin of tremorstones (2/2)
 s - a box of beasts
 v - a phantom mirror (inert)
 O - a phial of floods


   Skills:
 + Level 18.7 Fighting
 + Level 18.6 Short Blades
 + Level 18.6 Long Blades
 + Level 18.6 Axes
 + Level 18.6 Maces & Flails
 + Level 19.2 Polearms
 + Level 18.6 Staves
 + Level 18.6 Ranged Weapons
 + Level 18.6 Throwing
 + Level 23.2 Armour
 + Level 23.5 Dodging
 + Level 18.7 Stealth
 + Level 18.6 Shields
 + Level 18.6 Unarmed Combat
 + Level 18.6 Spellcasting
 + Level 15.8 Conjurations
 + Level 15.8 Hexes
 + Level 15.8 Summonings
 + Level 15.8 Necromancy
 + Level 15.8 Translocations
 + Level 15.8 Transmutations
 + Level 15.8 Fire Magic
 + Level 15.8 Ice Magic
 + Level 15.8 Air Magic
 + Level 15.8 Earth Magic
 + Level 15.8 Poison Magic
 + Level 20.1 Invocations
 + Level 19.5 Evocations


You had 11 spell levels left.
You knew the following spells:

 Your Spells              Type           Power      Damage    Failure   Level
a - Storm Form            Tmut/Air       21%        N/A       13%         7
b - Wereblood             Tmut           42%        N/A       1%          2
c - Borgnjor's Vile Clut  Necr/Erth      21%        N/A       1%          5
d - Death Channel         Necr           21%        N/A       3%          6
e - Passage of Golubria   Tloc           42%        N/A       1%          4
f - Statue Form           Tmut/Erth      28%        N/A       3%          6
g - Haunt                 Necr/Summ      21%        N/A       13%         7
h - Yara's Violent Unrav  Hex/Tmut       21%        3d10      1%          5
q - Mephitic Cloud        Conj/Pois/Air  42%        N/A       1%          3
s - Swiftness             Air            42%        N/A       1%          3
x - Vhi's Electric Charg  Tloc/Air       84%        N/A       1%          3

Your spell library contained the following spells:

 Spells                   Type           Power      Damage    Failure   Level
 Apportation              Tloc           84%        N/A       1%          1
 Beastly Appendage        Tmut           84%        N/A       1%          1
 Kiss of Death            Conj/Necr      100%       2d13      1%          1
 Necrotise                Necr           100%       1d9       1%          1
 Sandblast                Erth           84%        2d18      1%          1
 Shock                    Conj/Air       100%       1d9       1%          1
 Slow                     Hex            100%       N/A       1%          1
 Summon Small Mammal      Summ           100%       N/A       1%          1
 Blink                    Tloc           84%        N/A       1%          2
 Cigotuvi's Dreadful Rot  Necr/Pois/Air  84%        N/A       1%          2
 Ensorcelled Hibernation  Hex/Ice        84%        N/A       1%          2
 Momentum Strike          Conj/Tloc      84%        3d10      1%          2
 Passwall                 Tmut/Erth      35%        N/A       1%          2
 Scorch                   Fire           84%        2d9       1%          2
 Static Discharge         Conj/Air       84%        2-6/arc   1%          2
 Sublimation of Blood     Necr           42%        N/A       1%          2
 Call Canine Familiar     Summ           42%        N/A       1%          3
 Confusing Touch          Hex            42%        N/A       1%          3
 Dazzling Flash           Conj/Hex       84%        N/A       1%          3
 Gell's Gravitas          Tloc           42%        N/A       1%          3
 Hailstorm                Conj/Ice       42%        3d10      1%          3
 Inner Flame              Hex/Fire       42%        N/A       1%          3
 Lesser Beckoning         Tloc           84%        N/A       1%          3
 Portal Projectile        Hex/Tloc       84%        N/A       1%          3
 Spider Form              Tmut/Pois      42%        N/A       1%          3
 Stone Arrow              Conj/Erth      84%        3d12      1%          3
 Summon Guardian Golem    Hex/Summ       42%        N/A       1%          3
 Teleport Other           Tloc           42%        N/A       1%          3
 Tukima's Dance           Hex            42%        N/A       1%          3
 Vampiric Draining        Necr           42%        2d9       1%          3
 Airstrike                Air            21%        2d(3-19)  1%          4
 Dispel Undead            Necr           42%        3d17      1%          4
 Flame Wave               Conj/Fire      42%        2d11      1%          4
 Ice Form                 Ice/Tmut       42%        N/A       1%          4
 Leda's Liquefaction      Hex/Erth       21%        N/A       1%          4
 Sticky Flame             Conj/Fire      42%        2d6       1%          4
 Summon Ice Beast         Ice/Summ       42%        N/A       1%          4
 Summon Lightning Spire   Summ/Air       42%        N/A       1%          4
 Agony                    Necr           42%        N/A       1%          5
 Arcjolt                  Conj/Air       21%        1d31      1%          5
 Blade Hands              Tmut           21%        N/A       1%          5
 Iskenderun's Battlesphe  Conj           42%        2d9       1%          5
 Lee's Rapid Deconstruct  Erth           21%        3d12*     1%          5
 Lightning Bolt           Conj/Air       21%        1d36      1%          5
 Silence                  Hex/Air        21%        N/A       1%          5
 Summon Forest            Summ/Tloc      21%        N/A       1%          5
 Summon Mana Viper        Hex/Summ       42%        N/A       1%          5
 Dispersal                Tloc           21%        N/A       3%          6
 Eringya's Noxious Bog    Tmut/Pois      21%        N/A       3%          6
 Iron Shot                Conj/Erth      21%        9d5       3%          6
 Summon Cactus Giant      Summ           21%        N/A       3%          6
 Enfeeble                 Hex            21%        N/A       13%         7
 Malign Gateway           Summ/Tloc      21%        N/A       13%         7
 Monstrous Menagerie      Summ           21%        N/A       13%         7
 Orb of Destruction       Conj           21%        9d8       13%         7
 Spellforged Servitor     Conj/Summ      21%        N/A       13%         7
 Summon Hydra             Summ           21%        N/A       13%         7
 Borgnjor's Revivificati  Necr           21%        N/A       63%         8
 Lehudib's Crystal Spear  Conj/Erth      21%        10d6      63%         8
 Maxwell's Capacitive Co  Air            21%        ∞         63%         8
 Necromutation            Tmut/Necr      21%        N/A       63%         8
 Summon Horrible Things   Summ           21%        N/A       63%         8
 Death's Door             Necr           21%        N/A       100%        9
 Fire Storm               Conj/Fire      21%        8d5       100%        9
 Animate Dead             Necr           Unusable   N/A       N/A         4
 Simulacrum               Ice/Necr       Unusable   N/A       N/A         6

Dungeon Overview and Level Annotations

Branches:
Dungeon (15/15)            Temple (1/1) D:5            Lair (5/5) D:8
 Shoals (4/4) Lair:2        Snake (4/4) Lair:3        Slime (0/5) Lair:5
    Orc (2/2) D:9             Elf (2/3) Orc:2        Vaults (5/5) D:13
  Crypt (3/3) Vaults:2       Tomb (0/3) Crypt:3      Depths (4/4) D:15
    Zot (5/5) Depths:4      IceCv (visited)

Altars:
Ashenzari
Cheibriados
Dithmenos
Elyvilon
Fedhas
Gozag
Hepliaklqana
Kikubaaqudgha
Makhleb
Nemelex Xobeh
Okawaru
Qazlal
Ru
Sif Muna
Trog
Uskayaw
Vehumet
Wu Jian
Xom
Yredelemnul
Zin
The Shining One

Shops:
D:7 [   D:8 [   D:10 ?   D:13 [   D:15 ?   Orc:2 **:[   Elf:2 =:=
Snake:2 =?*:   Snake:3 :   Snake:4 :   Vaults:1 =   Vaults:3 [(*

Portals:
Hell: Depths:1 Depths:2 Depths:3 Depths:4
Abyss: Depths:1 Depths:2 Depths:3
Pandemonium: Depths:1 Depths:2 Depths:4
Ziggurat: Depths:3

Annotations:
Shoals:4 exclusion: 2 doors
Snake:3 Asterion; Nikola
Vaults:3 3 runed translucent doors, Dyrphilu's ghost, adept GnMo; Fubrub's ghost, veteran GnWr
Crypt:2 2 transporters, Vv
Crypt:3 1 exclusion
Zot:4 exclusion: 2 upstairs


Innate Abilities, Weirdness & Mutations

You are a lightning-filled tempest!
Your electrical attacks strike out in all directions at once.
You are incredibly evasive.
Your insubstantial body is immune to petrification, constriction, and being set on fire You are flying.
You are immune to poison.
Your armour is entirely melded.
You are incapable of wielding weapons or throwing items.
((You have very sharp teeth.))
Your uncanny sense of smell can sniff out nearby items.
Your experience applies equally to all skills.
Your spells are a little harder to cast, but a little more powerful.


Message History

Your +2 robe of the Archmagi melds into your body.
You feel less stealthy.
That put a bit of spring back into your step.
You feel your magic capacity decrease.
You feel clumsy.
You no longer feel able to rampage towards enemies.
You feel strangely numb.
You now have 28/45 mp.
You swap places.
You swap places.
Your profane servitor grins greedily, jangling a coin purse.
A profane servitor comes into view.
It is wielding a +1 whip of electrocution.
Aiming: Phantom Mirror
Press: ? - help, Q - select action, (/) - cycle Dir - move target, f - profane servitor
Aim: a profane servitor, wielding a +1 whip of electrocution (unaware, friendly, umbra)
You reflect your profane servitor with the mirror!
The mirror clouds!
Casting: Storm Form (dangerous; 13% risk of failure)
Confirm with . or Enter, or press ? or * to list all spells.
You can't see any susceptible monsters within range! (Use Z to cast anyway.) Unknown command.
Your profane servitor shimmers and vanishes!
Things that are here:
3 stones; a +0 club
There is a stone staircase leading up here.
You regained 4 mp, and now have 34/45 mp.
You fly upwards.
There is a stone staircase leading down here.
You swap places.
The green death stares, then turns away, jangling a coin purse.
A green death comes into view.
You regained 2 mp, and now have 37/45 mp.
Casting: Storm Form (dangerous; 13% risk of failure)
Confirm with . or Enter, or press ? or * to list all spells.
You can't see any susceptible monsters within range! (Use Z to cast anyway.) Unknown command.
Your Brimstone Fiend grins greedily, jangling a coin purse.
A Brimstone Fiend comes into view.
There is a staircase leading out of the dungeon here.
You have escaped!

.###.......##.#...#.###..........
.##..............##.# #.##.##.##.
.##>.......#####.######.##....##.
.##........#≈≈≈♣~♣≈≈≈≈#.#####....
###........#≈.P...P..≈#.......###
..........##≈PPP...P.≈#######....
##..#....###≈.P...P..≈# ####.###
##..)###.###♣.......♣♣####......#
##..#.#.....~...v..........##.#.#
##........##♣...A1..♣♣###...#.#.#
...........#≈.....♣..≈# #.....#..
###.##.##.##≈....♣♣♣.≈# #...###.#
# #....##.##≈.....♣..≈# ##......#
# #..####.##≈≈≈♣~♣≈≈≈≈# #.####.#
# #..####.######.#########.####.#
#.......# #...# #...)......#
##.###### ####.#########.######


You could see a friendly profane servitor and a friendly Brimstone Fiend.

Vanquished Creatures
  2 ancient liches (Zot:5)
  A dread lich (Vaults:5)
  Mennas (Crypt:3)
  A juggernaut (Depths:2)
  A royal mummy (Crypt:3)
  Xtahua (Crypt:2)
  11 golden dragons
  A bone dragon (Vaults:2)
  A doom hound (Zot:2)
  5 electric golems
  2 hellephants (Depths:2)
  A Tzitzimitl (Zot:4)
  7 tentacled monstrosities
  A walking crystal tome (Depths:3)
  Jorgrun (D:14)
  5 liches
  9 Orb Guardians
  2 titans
  A walking frostbound tome (Depths:3)
  2 quicksilver dragons
  A sphinx (shapeshifter) (Vaults:5)
  A deep elf blademaster (Elf:2)
  Gastronok (Lair:1)
  4 shadow dragons
  5 ancient champions
  5 sphinxes
  5 tengu reavers
  7 nagarajas
  A revenant (Crypt:2)
  15 storm dragons
  Donald (Orc:2)
  2 draconian monks
  2 draconian knights
  3 ghost moths
  An iron dragon (Depths:3)
  14 vault wardens
  9 frost giants
  Aizul (Snake:1)
  3 draconian scorchers
  9 fire giants
  Louise (Snake:1)
  3 draconian shifters (Zot:4)
  The ghost of p0werm0de the Fighter, a journeyman DsCA of Wu Jian (Orc:2)
  An orc warlord (Vaults:4)
  9 ghouls
  A juggernaut zombie (Crypt:2)
  4 draconian stormcallers
  3 draconian annihilators
  2 curse skulls (Crypt:1)
  14 ironbound preservers
  A reaper (Crypt:2)
  15 stone giants
  A spriggan defender (Depths:3)
  A juggernaut skeleton (Depths:2)
  2 war gargoyles
  20 very ugly things
  11 ironbound thunderhulks
  2 deep elf demonologists (Vaults:5)
  7 black draconians
  Azrael (Snake:3)
  8 vampire knights
  6 green draconians
  5 white draconians
  6 dire elephants (Vaults:1)
  7 red draconians
  8 spark wasps
  8 purple draconians
  3 yellow draconians
  14 ettins
  6 deep elf death magi
  3 merfolk javelineers (Shoals:4)
  11 merfolk impalers
  A crystal guardian (Vaults:2)
  2 entropy weavers
  3 mummy priests (Crypt:3)
  11 yaktaur captains
  4 jiangshi (Crypt:3)
  13 fire dragons
  6 great orbs of eyes
  10 ice dragons
  Josephine (Orc:2)
  7 hydras
  3 salamander tyrants
  15 vault guards
  A catoblepas (shapeshifter) (Depths:2)
  7 merfolk avatars
  Erolcha (D:10)
  2 rakshasas
  Harold (Orc:1)
  9 spriggan air magi
  A peacekeeper (Vaults:2)
  9 ironbound frosthearts
  7 ogre magi
  An alligator snapping turtle (Shoals:4)
  4 boulder beetles
  Erica (Orc:1)
  2 spriggan skeletons (Crypt:2)
  20 anacondas
  2 catoblepae
  A radroach (shapeshifter) (Vaults:4)
  10 death yaks
  8 death knights
  17 dancing weapons
  27 centaur warriors
  20 two-headed ogres
  An alligator (Shoals:1)
  4 hell hogs (Depths:2)
  2 deep troll shamans (Depths:1)
  4 merfolk aquamancers (Shoals:4)
  3 tengu warriors
  8 vampire magi
  15 naga warriors
  2 deep troll earth magi (Depths:3)
  9 shock serpents
  13 naga sharpshooters
  16 deep elf knights
  10 hell knights
  3 soul eaters
  6 spriggan berserkers
  A sixfirhy (D:15)
  13 skeletal warriors
  A shadow wraith (Crypt:2)
  12 salamander mystics
  2 spriggans
  3 iron trolls
  12 sea snakes
  A storm dragon skeleton (Crypt:2)
  10 naga ritualists
  11 flayed ghosts
  4 glowing orange brains
  A steelbarb worm (shapeshifter) (Vaults:3)
  11 lindwurms
  34 deep trolls
  8 deep elf archers
  3 orc knights
  19 ironbound convokers
  4 bog bodies
  6 harpies
  5 wizards
  A sphinx zombie (Crypt:1)
  An anaconda skeleton (Crypt:2)
  10 phantasmal warriors
  12 deep elf zephyrmancers
  7 necromancers
  23 deep elf pyromancers
  3 oklob plants (Lair:5)
  30 ugly things
  15 mana vipers
  13 moths of wrath
  19 manticores
  7 cyclopes
  6 fauns
  11 elephants
  23 salamanders
  41 black mambas
  A goliath frog skeleton (Crypt:2)
  A jorogumo skeleton (Crypt:2)
  2 gargoyles (D:12)
  A nameless horror (Zot:1)
  A torpor snail (Lair:4)
  21 naga magi
  12 cane toads
  A stone giant skeleton (Vaults:3)
  An ice statue (IceCv)
  9 water nymphs
  6 merfolk sirens
  17 vault sentinels
  A black mamba (shapeshifter) (Elf:2)
  9 guardian serpents
  An orange demon (D:6)
  An alligator snapping turtle zombie (Crypt:3)
  3 kobold demonologists
  3 unseen horrors
  2 large abominations (Elf:1)
  13 rime drakes
  A steelbarb worm zombie (Crypt:1)
  A demonic crawler (D:7)
  An elephant slug zombie (Crypt:1)
  A minotaur zombie (Crypt:3)
  15 freezing wraiths
  A swamp worm zombie (Crypt:3)
  36 yaktaurs
  A yaktaur zombie (Vaults:4)
  5 tengu conjurers
  12 komodo dragons
  A pale draconian skeleton (Crypt:1)
  A red devil (Depths:4)
  23 guardian mummies (Crypt:3)
  A yaktaur skeleton (Vaults:3)
  A sea snake skeleton (Crypt:2)
  A death drake zombie (Crypt:2)
  3 meliai (D:13)
  6 polar bears
  12 trolls
  8 wind drakes
  An ettin zombie (Vaults:3)
  20 merfolk
  2 hornets
  A tarantella (Vaults:3)
  A harpy zombie (Crypt:2)
  24 blink frogs
  52 slime creatures
  7 dream sheep
  5 snapping turtles
  A culicivora (Vaults:4)
  An ettin skeleton (Vaults:3)
  20 wraiths
  27 water elementals
  Sigmund (D:3)
  43 yaks
  A vampire (D:14)
  5 air elementals (Shoals:4)
  8 humans (D:13)
  9 wyverns
  5 fire elementals
  2 ushabtiu (Crypt:3)
  5 basilisks
  2 steam dragons (Lair:5)
  A steam dragon (shapeshifter) (Vaults:5)
  9 vampire mosquitoes
  A redback (shapeshifter) (Vaults:3)
  4 redbacks
  5 wargs
  A faun zombie (Crypt:1)
  A naga zombie (Crypt:2)
  A glowing shapeshifter zombie (Depths:2)
  A human simulacrum (Vaults:4)
  2 acid dragons
  41 nagas
  A glowing shapeshifter skeleton (Crypt:2)
  4 hell hounds (Snake:3)
  A spectral troll (Orc:2)
  10 water moccasins
  A floating eye (Depths:4)
  10 orc warriors
  An ogre skeleton (Vaults:4)
  A meliai simulacrum (D:13)
  4 ice beasts
  3 sky beasts (D:6)
  31 ogres
  2 black bears
  15 wolves
  5 boggarts (Vaults:1)
  4 centaurs
  4 kobold brigands
  7 bullfrogs
  Blork the orc (D:6)
  2 gnoll sergeants
  A scorpion (shapeshifter) (Depths:3)
  A scorpion (D:6)
  4 elf zombies
  A necrophage (Crypt:2)
  3 wights (D:7)
  A hornet simulacrum (D:15)
  A shapeshifter zombie (Crypt:1)
  11 killer bees
  A wolf zombie (Crypt:2)
  An electric eel (D:13)
  A howler monkey (D:9)
  4 hounds
  2 jellies
  7 orc priests
  A black bear skeleton (Crypt:2)
  An iron imp (D:7)
  Crazy Yiuf (D:3)
  Jessica (D:3)
  4 iguanas
  Ijyb (D:3)
  Terence (D:2)
  6 orc wizards
  2 spectral orcs (Orc:2)
  7 hell rats (Lair:4)
  2 ogre zombies (D:5)
  A boggart simulacrum (D:12)
  A hound skeleton (D:2)
  7 mummies (Crypt:3)
  10 gnolls
  5 adders
  An ogre simulacrum (Orc:2)
  A swamp drake skeleton (Crypt:1)
  A shadow imp (D:7)
  18 white imps
  5 ufetubi
  An adder zombie (D:2)
  2 adder skeletons (D:2)
  3 worms
  2 dart slugs
  25 orcs
  3 orc simulacra (Orc:2)
  8 endoplasms
  10 hobgoblins
  3 jackals (D:2)
  30 kobolds
  A quokka (D:1)
  6 ball pythons
  2 ball python skeletons
  6 bats
  2 frilled lizards (D:2)
  A giant cockroach zombie (D:2)
  8 goblins
  A hobgoblin skeleton (Crypt:3)
  An orc skeleton (Crypt:3)
  A quokka skeleton (Crypt:2)
  A quokka zombie (D:2)
  6 rats
1930 creatures vanquished.

Vanquished Creatures (collateral kills)
  A dread lich (Vaults:5)
  Frederick (Vaults:4)
  A Killer Klown (Zot:5)
  Jory (Depths:3)
  A doom hound (Zot:2)
  Grunn (Zot:2)
  3 tentacled monstrosities
  2 Orb Guardians (Zot:5)
  A lich (Vaults:5)
  A titan (Vaults:5)
  A quicksilver dragon (Zot:1)
  3 death cobs
  3 storm dragons
  4 shadow dragons
  3 draconian monks
  4 draconian knights (Zot:2)
  A vault warden (Vaults:5)
  2 draconian shifters (Zot:1)
  A draconian scorcher (Zot:2)
  5 ironbound preservers
  4 very ugly things
  A black draconian (Zot:1)
  3 red draconians
  2 dire elephants (Vaults:1)
  2 white draconians (Zot:4)
  A fire dragon (Depths:3)
  A yaktaur captain (Vaults:5)
  An entropy weaver (Vaults:5)
  A mummy priest (Crypt:3)
  3 merfolk javelineers
  2 merfolk impalers (Shoals:4)
  2 ice dragons
  A spriggan air mage (Depths:3)
  6 vault guards
  3 two-headed ogres
  2 centaur warriors
  2 dancing weapons (Elf:2)
  A deep troll earth mage (Depths:2)
  Urug (D:10)
  2 deep elf knights (Elf:2)
  An iron troll (Depths:2)
  8 deep trolls
  2 deep elf archers (Elf:2)
  A phantasmal warrior (Vaults:5)
  A bog body (Crypt:3)
  4 harpies
  2 deep elf zephyrmancers (Elf:2)
  2 necromancers
  3 deep elf pyromancers (Elf:2)
  3 ugly things
  5 moths of wrath
  A faun (Shoals:1)
  An elephant (shapeshifter) (Depths:4)
  4 vault sentinels
  A cane toad (shapeshifter) (Vaults:5)
  3 rime drakes (Lair:4)
  7 yaktaurs
  A hellion (Zot:5)
  12 guardian mummies (Crypt:3)
  2 polar bears (IceCv)
  A troll (D:12)
  2 merfolk
  A harpy zombie (Crypt:3)
  A wind drake (Shoals:4)
  A hornet (Depths:1)
  A sphinx simulacrum (Depths:2)
  7 slime creatures
  A snapping turtle (Shoals:1)
  A spriggan (Depths:1)
  4 ushabtiu (Crypt:3)
  A wyvern (Lair:5)
  A water elemental (Shoals:4)
  2 yaks (IceCv)
  A basilisk (Shoals:2)
  A vampire mosquito (D:12)
  A naga (Snake:3)
  A water moccasin (Lair:5)
  2 ogres (Orc:2)
  6 wolves
  A mummy (Crypt:3)
  3 orcs (D:10)
185 creatures vanquished.

Vanquished Creatures (others)
  A dread lich (Zot:5)
  4 orbs of fire (Zot:5)
  2 Killer Klowns (Zot:5)
  A golden dragon (Zot:5)
  An electric golem (Zot:5)
  6 tentacled monstrosities
  12 Orb Guardians (Zot:5)
  4 titans (Vaults:5)
  A sphinx (Vaults:5)
  3 tengu reavers (Vaults:5)
  2 shadow dragons (Vaults:5)
  4 death cobs
  4 storm dragons
  4 draconian scorchers
  A frost giant (Depths:3)
  A draconian knight (Zot:2)
  3 draconian shifters
  4 vault wardens (Vaults:5)
  3 draconian annihilators (Zot:2)
  An ironbound preserver (Vaults:5)
  A war gargoyle (Vaults:5)
  2 stone giants (Vaults:5)
  A green draconian (Zot:2)
  4 yellow draconians
  A deep elf annihilator (Vaults:5)
  5 red draconians
  3 black draconians
  3 purple draconians
  14 vault guards
  A deep elf high priest (Vaults:5)
  A yaktaur captain (Vaults:5)
  A rakshasa (Depths:3)
  An ogre mage (Vaults:5)
  3 deep trolls (Vaults:5)
  2 phantasmal warriors (Vaults:5)
  An ironbound convoker (Vaults:5)
  A necromancer (Vaults:5)
  4 moths of wrath
  A faun (shapeshifter) (Vaults:5)
  A vault sentinel (Vaults:5)
  A smoke demon (Zot:5)
  A rime drake (Lair:5)
  A freezing wraith (Vaults:5)
  4 yaktaurs (Vaults:5)
  Grinder (D:3)
  A yak (D:12)
  A human (D:13)
  A small abomination (Zot:5)
  An orc (D:7)
  A ball python (D:3)
  46 fungi
  145 plants
  5 toadstools (D:1)
  8 withered plants
330 creatures vanquished.

Grand Total: 2445 creatures vanquished

Notes
Turn   | Place    | Note
-------+----------+-------------------------------------------
     0 | D:1      | mrw0lf the Gnoll Artificer began the quest for the Orb.
     0 | D:1      | Reached XP level 1. HP: 17/17 MP: 1/1
   208 | D:1      | Found a faded altar of an unknown god.
   218 | D:1      | Reached XP level 2. HP: 23/23 MP: 2/2
   729 | D:2      | Reached XP level 3. HP: 16/28 MP: 3/3
   806 | D:2      | Reached skill level 1 in Invocations
   891 | D:2      | Reached skill level 1 in Short Blades
   891 | D:2      | Reached skill level 1 in Long Blades
   891 | D:2      | Reached skill level 1 in Axes
   891 | D:2      | Reached skill level 1 in Maces & Flails
   891 | D:2      | Reached skill level 1 in Polearms
   891 | D:2      | Reached skill level 1 in Staves
   891 | D:2      | Reached skill level 1 in Ranged Weapons
   891 | D:2      | Reached skill level 1 in Throwing
   891 | D:2      | Reached skill level 1 in Shields
   891 | D:2      | Reached skill level 1 in Unarmed Combat
   891 | D:2      | Reached skill level 1 in Spellcasting
   910 | D:2      | Noticed Terence
   913 | D:2      | Reached XP level 4. HP: 34/34 MP: 5/5
   921 | D:2      | Killed Terence
   922 | D:2      | Reached skill level 1 in Conjurations
   922 | D:2      | Reached skill level 1 in Hexes
   922 | D:2      | Reached skill level 1 in Summonings
   922 | D:2      | Reached skill level 1 in Necromancy
   922 | D:2      | Reached skill level 1 in Translocations
   922 | D:2      | Reached skill level 1 in Transmutations
   922 | D:2      | Reached skill level 1 in Fire Magic
   922 | D:2      | Reached skill level 1 in Ice Magic
   922 | D:2      | Reached skill level 1 in Air Magic
   922 | D:2      | Reached skill level 1 in Earth Magic
   922 | D:2      | Reached skill level 1 in Poison Magic
  1229 | D:2      | Reached XP level 5. HP: 35/40 MP: 5/7
  1771 | D:3      | Found a glowing golden altar of the Shining One.
  1818 | D:3      | Noticed Jessica
  1822 | D:3      | Killed Jessica
  2216 | D:3      | Noticed Grinder
  2363 | D:3      | Noticed Ijyb
  2368 | D:3      | Your ally Grinder died
  2369 | D:3      | Reached skill level 5 in Armour
  2369 | D:3      | Reached XP level 6. HP: 18/47 MP: 7/9
  2370 | D:3      | Killed Ijyb
  2557 | D:3      | Found a runed translucent door.
  2558 | D:3      | Noticed Crazy Yiuf
  2729 | D:3      | Noticed Sigmund
  3509 | D:4      | Reached XP level 7. HP: 52/52 MP: 10/10
  3932 | D:5      | Entered Level 5 of the Dungeon
  4007 | D:5      | Found a staircase to the Ecumenical Temple.
  4020 | Temple   | Entered the Ecumenical Temple
  4067 | Temple   | Became a worshipper of Gozag Ym Sagoz the Greedy
  4096 | D:5      | Found a hazy altar of Hepliaklqana.
  4240 | D:5      | Found a transporter.
  4718 | D:5      | Found a transporter.
  5096 | D:6      | Noticed Blork the orc
  5103 | D:6      | Killed Blork the orc
  5372 | D:6      | Reached XP level 8. HP: 60/60 MP: 12/12
  5383 | D:6      | Identified the +2 ring mail "Jaercheh" {Regen+}
  5970 | D:7      | Found a shimmering blue altar of Sif Muna.
  6062 | D:7      | Found a hide-covered altar of Uskayaw.
  6271 | D:7      | Found a snail-covered altar of Cheibriados.
  6329 | D:7      | Found a snail-covered altar of Cheibriados.
  6329 | D:7      | Found Cheibriados's Comfort Zone.
  7044 | D:8      | Found a staircase to the Lair.
  7097 | D:8      | Reached XP level 9. HP: 59/67 MP: 14/14
  7609 | D:8      | Reached skill level 5 in Fighting
  7609 | D:8      | Reached skill level 5 in Dodging
  7750 | D:8      | Found a sacrificial altar of Ru.
  8048 | D:9      | Reached skill level 5 in Stealth
  8201 | D:9      | Found a white marble altar of Elyvilon.
  8263 | D:9      | Found a basalt altar of Yredelemnul.
  8475 | D:9      | Noticed a wizard
  8476 | Abyss:2  | Cast into level 2 of the Abyss (a wizard)
  8546 | D:9      | Escaped the Abyss
  8552 | D:9      | Killed a wizard
  8553 | D:9      | Reached skill level 5 in Invocations
  8573 | D:9      | Identified the +1 chain mail of Reason {Str+2}
  8732 | D:9      | Found a radiant altar of Vehumet.
  8765 | D:9      | Noticed a troll
  8773 | D:9      | Killed a troll
  8774 | D:9      | Reached skill level 5 in Short Blades
  8774 | D:9      | Reached skill level 5 in Long Blades
  8774 | D:9      | Reached skill level 5 in Axes
  8774 | D:9      | Reached skill level 5 in Maces & Flails
  8774 | D:9      | Reached skill level 5 in Polearms
  8774 | D:9      | Reached skill level 5 in Staves
  8774 | D:9      | Reached skill level 5 in Ranged Weapons
  8774 | D:9      | Reached skill level 5 in Throwing
  8774 | D:9      | Reached skill level 5 in Shields
  8774 | D:9      | Reached skill level 5 in Unarmed Combat
  8774 | D:9      | Reached skill level 5 in Spellcasting
  8774 | D:9      | Reached XP level 10. HP: 76/76 MP: 17/17
  8974 | D:9      | Found an iron altar of Okawaru.
  8974 | D:9      | Found a bloodstained altar of Trog.
  9340 | D:10     | Entered Level 10 of the Dungeon
  9543 | D:10     | Noticed a kobold demonologist
  9548 | D:10     | Noticed a smoke demon
  9553 | D:10     | Noticed a soul eater
  9558 | D:10     | Killed a kobold demonologist
  9791 | D:10     | Noticed Erolcha
  9957 | D:10     | Noticed Urug
  9963 | D:10     | Killed Urug
  9978 | D:10     | Noticed a two-headed ogre
  9986 | D:10     | Killed a two-headed ogre
 10010 | D:10     | Noticed Joseph
 10012 | D:10     | Joseph changed into Joseph the wyvern
 10012 | D:10     | Noticed Joseph
 10033 | D:10     | Killed Joseph the wyvern
 10043 | D:10     | Found Fuin's Magic Scroll Shop.
 10047 | D:10     | Bought a scroll of identify for 30 gold pieces
 10047 | D:10     | Bought a scroll of fear for 60 gold pieces
 10047 | D:10     | Bought a scroll of teleportation for 45 gold pieces
 10047 | D:10     | Bought a scroll of teleportation for 45 gold pieces
 10047 | D:10     | Bought a scroll of identify for 30 gold pieces
 10047 | D:10     | Bought a scroll of identify for 30 gold pieces
 10047 | D:10     | Bought a scroll of enchant weapon for 112 gold pieces
 10047 | D:10     | Bought a scroll of enchant weapon for 112 gold pieces
 10047 | D:10     | Bought a scroll of fear for 60 gold pieces
 10231 | D:11     | Reached skill level 5 in Conjurations
 10231 | D:11     | Reached skill level 5 in Hexes
 10231 | D:11     | Reached skill level 5 in Summonings
 10231 | D:11     | Reached skill level 5 in Necromancy
 10231 | D:11     | Reached skill level 5 in Translocations
 10231 | D:11     | Reached skill level 5 in Transmutations
 10231 | D:11     | Reached skill level 5 in Fire Magic
 10231 | D:11     | Reached skill level 5 in Ice Magic
 10231 | D:11     | Reached skill level 5 in Air Magic
 10231 | D:11     | Reached skill level 5 in Earth Magic
 10231 | D:11     | Reached skill level 5 in Poison Magic
 10438 | D:11     | Identified the +2 leather armour "Peoviud" {Str+4}
 10466 | D:11     | Noticed a manticore
 10473 | D:11     | Killed a manticore
 10474 | D:11     | Reached XP level 11. HP: 83/83 MP: 20/20
 10802 | D:11     | Noticed a two-headed ogre
 10811 | D:11     | Killed a two-headed ogre
 10990 | D:11     | Noticed a wizard
 11268 | Lair:1   | Entered Level 1 of the Lair of Beasts
 11445 | Lair:1   | Noticed Gastronok
 11468 | Lair:1   | Killed Gastronok
 12461 | Lair:2   | Noticed a six-headed hydra
 12472 | Lair:2   | Killed a 13-headed hydra
 12923 | Lair:2   | Found a staircase to the Shoals.
 12929 | Lair:2   | Reached XP level 12. HP: 89/91 MP: 22/22
 14035 | Lair:3   | Reached skill level 10 in Evocations
 14242 | Lair:3   | Found a staircase to the Snake Pit.
 16534 | Lair:4   | Reached XP level 13. HP: 83/99 MP: 25/25
 17679 | Lair:5   | Entered Level 5 of the Lair of Beasts
 19176 | Lair:5   | Reached skill level 10 in Armour
 20620 | Lair:4   | Reached skill level 10 in Invocations
 20620 | Lair:4   | Reached XP level 14. HP: 53/108 MP: 27/27
 22275 | Lair:5   | Identified the +9 trident of Fortitude {flame, *Rage rPois
                  | rC+ rCorr}
 22624 | D:8      | Bought a glowing buckler for 232 gold pieces
 22624 | D:8      | Bought a shiny buckler for 232 gold pieces
 22629 | D:8      | Bought an embroidered robe for 114 gold pieces
 23194 | D:12     | Reached skill level 10 in Fighting
 23194 | D:12     | Reached skill level 10 in Dodging
 23361 | D:12     | Reached skill level 10 in Stealth
 24510 | D:12     | Reached skill level 10 in Short Blades
 24510 | D:12     | Reached skill level 10 in Long Blades
 24510 | D:12     | Reached skill level 10 in Axes
 24510 | D:12     | Reached skill level 10 in Maces & Flails
 24510 | D:12     | Reached skill level 10 in Polearms
 24510 | D:12     | Reached skill level 10 in Staves
 24510 | D:12     | Reached skill level 10 in Ranged Weapons
 24510 | D:12     | Reached skill level 10 in Throwing
 24510 | D:12     | Reached skill level 10 in Shields
 24510 | D:12     | Reached skill level 10 in Unarmed Combat
 24510 | D:12     | Reached skill level 10 in Spellcasting
 25116 | D:13     | Reached XP level 15. HP: 76/117 MP: 29/29
 25217 | D:13     | Found a frozen archway.
 25276 | IceCv    | Entered an ice cave
 25651 | IceCv    | Noticed a frost giant
 25665 | IceCv    | Killed a frost giant
 26836 | D:10     | Killed Erolcha
 26873 | D:10     | Found a sparkling altar of Nemelex Xobeh.
 27010 | D:9      | Found a staircase to the Orcish Mines.
 27026 | Orc:1    | Entered Level 1 of the Orcish Mines
 27030 | Orc:1    | Noticed Erica
 27038 | Orc:1    | Killed Erica
 27457 | Orc:2    | Entered Level 2 of the Orcish Mines
 27469 | Orc:2    | Noticed Donald
 27487 | Orc:2    | Killed Donald
 28101 | Orc:2    | Found a staircase to the Elven Halls.
 28132 | Orc:2    | Found a runed translucent gate.
 28132 | Orc:2    | Found a runed translucent gate.
 28132 | Orc:2    | Found a runed translucent gate.
 28139 | Orc:2    | Noticed p0werm0de's ghost (journeyman DsCA)
 28798 | Orc:2    | Paralysed by something for 4 turns
 29355 | Orc:2    | Reached XP level 16. HP: 125/125 MP: 30/30
 29465 | Orc:1    | Noticed Harold
 29466 | Orc:1    | Noticed Josephine
 29476 | Orc:2    | Killed Josephine
 29847 | Orc:1    | Killed Harold
 30143 | Orc:2    | Found Lemunuc's Book Emporium.
 30143 | Orc:2    | Found Luurch's General Store.
 30144 | Orc:2    | Found Uvexkaacw's Antique Armour Shop.
 30144 | Orc:2    | Found Qusiezya's Assorted Antiques.
 30207 | Orc:2    | Bought a pair of runed boots for 150 gold pieces
 30215 | Orc:2    | Bought a manual of Dodging for 1120 gold pieces
 30215 | Orc:2    | Bought the Teachings on the Coarse Oath for 672 gold pieces
 30216 | Orc:2    | Bought a potion of might for 60 gold pieces
 30216 | Orc:2    | Bought a scroll of fear for 60 gold pieces
 30217 | Orc:2    | Bought a scroll of teleportation for 111 gold pieces
 30830 | D:13     | Found Voguiv's Antique Armour Shoppe.
 30868 | D:13     | Bought a smoking chain mail for 266 gold pieces
 30868 | D:13     | Identified the +1 chain mail "Amamporph" {Harm *Corrode
                  | rElec rC++} (You bought it in a shop on level 13 of the
                  | Dungeon)
 30906 | D:13     | Identified the +4 glaive "Yziathokh" {vorpal, rPois rF-
                  | Str+4 SInv}
 31084 | D:13     | Found a gate to the Vaults.
 31088 | D:13     | Identified the +1 kite shield of Rouz {Contam rCorr Str+2
                  | Int+4}
 31637 | D:14     | Noticed Jorgrun
 31656 | D:14     | Killed Jorgrun
 31723 | D:14     | You fall into a shaft and drop 1 floor!
 31723 | D:15     | Entered Level 15 of the Dungeon
 33539 | D:15     | Found a staircase to the Depths.
 33846 | Snake:1  | Entered Level 1 of the Snake Pit
 34519 | Snake:1  | Noticed Louise
 34668 | Snake:1  | Noticed Aizul
 34680 | Snake:1  | Killed Louise
 34686 | Snake:1  | Killed Aizul
 34914 | Snake:1  | Learned a level 6 spell: Statue Form
 34917 | Snake:1  | Learned a level 2 spell: Wereblood
 35092 | Snake:1  | Identified the +1 helmet of Depression {rElec rPois rC-
                  | SInv}
 35194 | Snake:1  | Reached XP level 17. HP: 133/133 MP: 16/32
 35197 | Snake:1  | Reached skill level 10 in Conjurations
 35197 | Snake:1  | Reached skill level 10 in Hexes
 35197 | Snake:1  | Reached skill level 10 in Summonings
 35197 | Snake:1  | Reached skill level 10 in Necromancy
 35197 | Snake:1  | Reached skill level 10 in Translocations
 35197 | Snake:1  | Reached skill level 10 in Transmutations
 35197 | Snake:1  | Reached skill level 10 in Fire Magic
 35197 | Snake:1  | Reached skill level 10 in Ice Magic
 35197 | Snake:1  | Reached skill level 10 in Air Magic
 35197 | Snake:1  | Reached skill level 10 in Earth Magic
 35197 | Snake:1  | Reached skill level 10 in Poison Magic
 35446 | Snake:1  | Got the Parchment of Dark Mysteries
 36527 | Snake:2  | Found Nebb's Book Emporium.
 36533 | Snake:2  | Found Juid's General Store.
 36533 | Snake:2  | Found Gujov's Magic Scroll Shoppe.
 36536 | Snake:2  | Found Hociaraf's Jewellery Shoppe.
 36744 | Snake:2  | Bought a scroll of fear for 44 gold pieces
 36747 | Snake:2  | Bought the ring of Ybecipni {+Blink rC+ rN+} for 697 gold
                  | pieces
 37120 | Snake:2  | Bought a scroll of brand weapon for 171 gold pieces
 37120 | Snake:2  | Bought a scroll of fear for 72 gold pieces
 37120 | Snake:2  | Bought a scroll of fog for 72 gold pieces
 37120 | Snake:2  | Bought a scroll of brand weapon for 171 gold pieces
 37120 | Snake:2  | Bought a scroll of fear for 72 gold pieces
 37430 | Snake:2  | You fall into a shaft and drop 1 floor!
 37625 | Snake:3  | Noticed Azrael
 37645 | Snake:3  | Killed Azrael
 38596 | Snake:3  | Found Akhu's Book Shoppe.
 38601 | Snake:3  | Bought a manual of Armour for 880 gold pieces
 38601 | Snake:3  | Bought a book of Unlife for 396 gold pieces
 38607 | Snake:3  | Learned a level 5 spell: Borgnjor's Vile Clutch
 39051 | D:7      | Bought the +3 hat of Pondering {ponderous, Will+ MP+10
                  | Int+5} for 419 gold pieces
 39051 | D:7      | Found the +3 hat of Pondering {ponderous, Will+ MP+10
                  | Int+5}
 39563 | Snake:3  | Noticed Nikola
 39563 | Snake:3  | Noticed Asterion
 39616 | Snake:4  | Entered Level 4 of the Snake Pit
 40035 | Snake:3  | Learned a level 3 spell: Swiftness
 40053 | Snake:4  | Reached XP level 18. HP: 142/142 MP: 34/34
 40343 | Snake:4  | Found Omyetzouh's Book Shop.
 42072 | Snake:4  | Got a serpentine rune of Zot
 42669 | D:3      | Killed Sigmund
 42747 | D:3      | Killed Crazy Yiuf
 43049 | Lair:5   | Found a staircase to the Slime Pits.
 43467 | Orc:2    | Killed p0werm0de's ghost
 43721 | D:15     | Learned a level 6 spell: Death Channel
 43948 | Shoals:1 | Entered Level 1 of the Shoals
 43953 | Shoals:1 | Reached skill level 15 in Dodging
 44171 | Snake:2  | Bought a ring of flight for 297 gold pieces
 45704 | Shoals:2 | Reached XP level 19. HP: 150/150 MP: 36/36
 47049 | Shoals:3 | Reached skill level 15 in Armour
 47818 | Shoals:4 | Entered Level 4 of the Shoals
 48096 | Shoals:4 | Found a sparkling altar of Nemelex Xobeh.
 48148 | Shoals:4 | Identified the +7 morningstar "Poitan" {drain, rF+ Will+}
 48399 | Shoals:4 | Paralysed by an air elemental for 1 turns
 48402 | Shoals:4 | Paralysed by an air elemental for 1 turns
 48404 | Shoals:4 | Paralysed by an air elemental for 1 turns
 48687 | Shoals:4 | Reached skill level 15 in Evocations
 48747 | Shoals:4 | Paralysed by an air elemental for 1 turns
 48822 | Shoals:4 | Paralysed by an air elemental for 1 turns
 49030 | Shoals:4 | Identified a scroll of acquirement
 49698 | Shoals:4 | Got a barnacled rune of Zot
 50365 | Elf:1    | Entered Level 1 of the Elven Halls
 50695 | Elf:1    | Learned a level 4 spell: Passage of Golubria
 51010 | Elf:1    | Reached skill level 15 in Invocations
 51179 | Elf:1    | Got Khufu's Compilation of Sinister Secrets
 51815 | Elf:2    | Reached XP level 20. HP: 121/153 MP: 37/37
 52231 | Elf:2    | Found Witoc's Jewellery Shoppe.
 52231 | Elf:2    | Found Ihakkeegg's Book Emporium.
 52238 | Elf:2    | Found Lageotes's Jewellery Shoppe.
 52246 | Elf:2    | Bought a manual of Armour for 1200 gold pieces
 52248 | Elf:2    | Bought the ring of Joha {rF+ Str+2} for 760 gold pieces
 52453 | Elf:2    | Found a runed translucent gate.
 52454 | Elf:2    | Found a runed translucent gate.
 52454 | Elf:2    | Found a runed translucent gate.
 53616 | Vaults:1 | Entered Level 1 of the Vaults
 54813 | Vaults:1 | Found Hoyxta's Jewellery Shop.
 55060 | Vaults:1 | Reached XP level 21. HP: 167/167 MP: 39/39
 55738 | Vaults:2 | Learned a level 7 spell: Storm Form
 55745 | Vaults:2 | Learned a level 3 spell: Vhi's Electric Charge
 55745 | Vaults:2 | Acquired a staff of air
 55746 | Vaults:2 | Acquired 546 gold pieces
 55763 | Vaults:2 | Gained mutation: Your spells are a little harder to cast,
                  | but a little more powerful. [mutagenic glow]
 56129 | Vaults:2 | Reached skill level 15 in Fighting
 56300 | Vaults:2 | Reached skill level 15 in Stealth
 57031 | Vaults:2 | Noticed a bone dragon
 57044 | Vaults:2 | Killed a bone dragon
 57049 | Vaults:2 | Found a staircase to the Crypt.
 58119 | Vaults:3 | Reached skill level 15 in Short Blades
 58119 | Vaults:3 | Reached skill level 15 in Long Blades
 58119 | Vaults:3 | Reached skill level 15 in Axes
 58119 | Vaults:3 | Reached skill level 15 in Maces & Flails
 58119 | Vaults:3 | Reached skill level 15 in Polearms
 58119 | Vaults:3 | Reached skill level 15 in Staves
 58119 | Vaults:3 | Reached skill level 15 in Ranged Weapons
 58119 | Vaults:3 | Reached skill level 15 in Throwing
 58119 | Vaults:3 | Reached skill level 15 in Shields
 58119 | Vaults:3 | Reached skill level 15 in Unarmed Combat
 58119 | Vaults:3 | Reached skill level 15 in Spellcasting
 59065 | Vaults:3 | Found Gozag's Assorted Antiques.
 59072 | Vaults:3 | Found an opulent altar of Gozag.
 59073 | Vaults:3 | Found Gozag's Antique Armour Emporium.
 59085 | Vaults:3 | Found Gozag's Antique Weapon Shoppe.
 59944 | Vaults:3 | Identified the +3 rapier of the Jumping Gods {holy, rPois
                  | rF+}
 60264 | Vaults:3 | Found a runed translucent gate.
 60264 | Vaults:3 | Found a runed translucent gate.
 60265 | Vaults:3 | Found a runed translucent gate.
 60265 | Vaults:3 | Noticed Fubrub's ghost (veteran GnWr)
 60265 | Vaults:3 | Noticed Dyrphilu's ghost (adept GnMo)
 60586 | Vaults:4 | Reached XP level 22. HP: 174/176 MP: 22/41
 62070 | Vaults:4 | Noticed Frederick
 62082 | Vaults:4 | Killed Frederick
 63644 | Crypt:1  | Entered Level 1 of the Crypt
 65048 | Crypt:2  | Noticed Vv
 65325 | Crypt:2  | Noticed Xtahua
 65335 | Crypt:2  | Killed Xtahua
 65919 | Crypt:2  | Found a transporter.
 65919 | Crypt:2  | Found a transporter.
 66068 | Crypt:2  | Reached XP level 23. HP: 184/184 MP: 31/42
 66328 | Crypt:1  | Learned a level 7 spell: Haunt
 66726 | Crypt:3  | Entered Level 3 of the Crypt
 68130 | Crypt:3  | Identified the ring of Pivyuj {rC+ rN+ Str+4 Int-5 SInv}
 69139 | Crypt:3  | Identified the ring "Gelu" {rC+ rN+ Will++ Str-3}
 69617 | Crypt:3  | Noticed Mennas
 69679 | Crypt:3  | Killed Mennas
 70044 | Crypt:3  | Noticed a royal mummy
 70204 | Crypt:3  | Killed a royal mummy
 72409 | Crypt:3  | Got the Octavo of Evil
 72894 | Vaults:5 | Entered Level 5 of the Vaults
 72912 | Vaults:5 | Noticed a dread lich
 72919 | Vaults:5 | Killed a dread lich
 72983 | Vaults:5 | Noticed a golden dragon
 72988 | Vaults:5 | Killed a golden dragon
 73076 | Vaults:5 | Got a silver rune of Zot
 73380 | Vaults:5 | Noticed a dread lich
 73711 | Vaults:5 | Noticed a dread lich
 73738 | Vaults:5 | Killed a dread lich
 73739 | Vaults:5 | Reached XP level 24. HP: 163/193 MP: 35/43
 73885 | Vaults:5 | Identified the +6 quarterstaff "Kuc Etuh" {holy, Int+3
                  | Stlth+}
 73885 | Vaults:5 | Identified the +8 ice dragon scales "Meppuet" {Harm rF-
                  | rC++}
 73886 | Vaults:5 | Identified the +5 mace of Context {drain, Int+7 Dex+2}
 73886 | Vaults:5 | Identified the +9 sling of the Carved God {flame, Will+
                  | MP+9 Dex+4}
 73973 | Vaults:5 | Identified the +1 robe "Put-Me-On" {Dex+5}
 74710 | Vaults:5 | Got Sorcery in Simple Steps
 74715 | Vaults:5 | Identified the +6 scale mail of Plasticity {+Blink rPois
                  | Will- SInv}
 75563 | D:15     | Bought a scroll of fear for 84 gold pieces
 75563 | D:15     | Bought a scroll of silence for 199 gold pieces
 75563 | D:15     | Bought a scroll of teleportation for 63 gold pieces
 75563 | D:15     | Bought a scroll of brand weapon for 199 gold pieces
 75563 | D:15     | Bought a scroll of teleportation for 63 gold pieces
 75564 | D:15     | Upgraded the game from 0.30-a0-553-g7fabdf1491 to
                  | 0.30-a0-557-ge2afbf3030
 75570 | D:15     | Learned a level 5 spell: Yara's Violent Unravelling
 75574 | D:15     | Learned a level 3 spell: Mephitic Cloud
 75958 | Depths:1 | Entered Level 1 of the Depths
 75958 | Depths:1 | Found a gateway to Hell.
 75966 | Depths:1 | Found a hide-covered altar of Uskayaw.
 76311 | Depths:1 | Found a one-way gate to the infinite horrors of the Abyss.
 76577 | Depths:1 | Found a one-way gate leading to the halls of Pandemonium.
 77950 | Depths:2 | Noticed a juggernaut
 77980 | Depths:2 | Killed a juggernaut
 78421 | Depths:3 | Noticed Jory
 78435 | Depths:3 | Killed Jory
 78622 | Depths:3 | Found a one-way gateway to a ziggurat.
 79172 | Depths:3 | Reached XP level 25. HP: 202/202 MP: 38/44
 80090 | Depths:3 | Got Sif Muna's Spellbook of Singed Malignant Deeds
 80510 | Depths:3 | Found a shimmering altar of Xom.
 80686 | Depths:3 | Found an ancient bone altar of Kikubaaqudgha.
 81226 | Depths:4 | Entered Level 4 of the Depths
 81259 | Depths:4 | Reached skill level 15 in Conjurations
 81259 | Depths:4 | Reached skill level 15 in Hexes
 81259 | Depths:4 | Reached skill level 15 in Summonings
 81259 | Depths:4 | Reached skill level 15 in Necromancy
 81259 | Depths:4 | Reached skill level 15 in Translocations
 81259 | Depths:4 | Reached skill level 15 in Transmutations
 81259 | Depths:4 | Reached skill level 15 in Fire Magic
 81259 | Depths:4 | Reached skill level 15 in Ice Magic
 81259 | Depths:4 | Reached skill level 15 in Air Magic
 81259 | Depths:4 | Reached skill level 15 in Earth Magic
 81259 | Depths:4 | Reached skill level 15 in Poison Magic
 82811 | Depths:4 | Found a sacrificial altar of Ru.
 83256 | Depths:4 | Found a gate to the Realm of Zot.
 83517 | Zot:1    | Entered Level 1 of the Realm of Zot
 84896 | Zot:2    | Reached XP level 26. HP: 199/211 MP: 4/44
 85325 | Zot:2    | Noticed Grunn
 85329 | Zot:2    | Killed Grunn
 86723 | Zot:5    | Entered Level 5 of the Realm of Zot
 88856 | Zot:5    | Noticed an ancient lich
 89290 | Zot:5    | Killed an ancient lich
 89422 | Zot:5    | Noticed an orb of fire
 89427 | Zot:5    | Noticed a Killer Klown
 89433 | Zot:5    | Noticed an orb of fire
 89434 | Zot:5    | Noticed an orb of fire
 89439 | Zot:5    | Noticed a dread lich
 89442 | Zot:5    | Killed a Killer Klown
 89448 | Zot:5    | Killed a Killer Klown
 89458 | Zot:5    | Killed an orb of fire
 89496 | Zot:5    | Killed an orb of fire
 89507 | Zot:5    | Killed an orb of fire
 89629 | Zot:5    | Killed an orb of fire
 89644 | Zot:5    | Killed a dread lich
 89740 | Zot:5    | Noticed an ancient lich
 89746 | Zot:5    | Killed an ancient lich
 89850 | Zot:5    | Noticed a dread lich
 89896 | Zot:5    | Noticed a Killer Klown
 89897 | Zot:5    | Noticed a dread lich
 89910 | Zot:5    | Noticed an orb of fire
 90004 | Zot:5    | Got the Orb of Zot
 90008 | Zot:5    | Noticed Letwiup the pandemonium lord
 90132 | Zot:4    | Noticed a seraph
 90338 | Zot:1    | Noticed Ulyafoh the pandemonium lord
 90455 | Depths:1 | Noticed Sixtyu Tack the pandemonium lord
 90468 | Depths:1 | Noticed Keil the pandemonium lord
 90982 | D:$      | Escaped with the Orb!

Illustrated notes

Levels and vault maps discovered:
D:1:      ldierk_walled_garden, layout_loops_cross,
          hellmonk_ecumenical_altar_crossroads, chequers_serial_rivers_room_a,
          minivault_14, nicolae_concentric_dashed_squares_wild
D:2:      layout_loops_ring, serial_undead, serial_undead_b, serial_undead_f,
          serial_undead_f, serial_undead_f, serial_undead_a, serial_undead_a,
          minmay_pentomino_r4, uniq_terence
D:3:      layout_loops_ring, tso_metal_star, uniq_grinder, uniq_sigmund,
          uniq_crazy_yiuf_cottage, uniq_jessica, uniq_ijyb
D:4:      layout_basic
D:5:      gammafunk_cloud_chamber, layout_basic,
          nicolae_hepliaklqana_hazy_memory, minmay_temple_entry_gardened_gates
D:6:      layout_cave_pods, uniq_blork_the_orc
D:7:      layout_basic, slow_altar_1, mainiacjoe_overflow_large_starburst,
          minmay_shop_chei
D:8:      layout_loops_corners, kennysheep_mini_moat, lair_entry_dummy
D:9:      layout_cave_pods, grunt_temple_overflow_bloody_war,
          mainiacjoe_overflow_boulevard, overflow_temple_1_default,
          mainiacjoe_overflow_six_doors_small, minmay_orc_entry_guard_dogs,
          minmay_librarian
D:10:     layout_cave_pools, nemelex_diamond_rough_becter, serial_shops,
          shop_scrolls, minmay_quadrilaterals, uniq_urug, uniq_joseph,
          uniq_erolcha
D:11:     layout_basic, kb_rosetta
D:12:     minmay_complete_graph, layout_cave_pods
D:13:     layout_irregular_city, ximxim_vaults_locker_room, serial_ice,
          serial_ice_i, serial_ice_m, serial_ice_n, serial_ice_e,
          portal_ice_cave_entry_imps, serial_shops, shop,
          hangedman_abyss_or_decor_stabs
D:14:     layout_basic, amcnicky_mini_pool_small, uniq_jorgrun
D:15:     grunt_enter_depths_hoard, layout_rooms
Temple:   nicolae_temple_ecumenical_triangle
Lair:1:   layout_cave_shapes, infiniplex_staircase_pool, uniq_gastronok
Lair:2:   layout_regular_city, elwin_shoals_entry_rocks
Lair:3:   layout_misc_corridors, dummy_snake_entry
Lair:4:   layout_cave_pods, minmay_lair_drake_nest
Lair:5:   gammafunk_lair_ancient_temple, layout_regular_city,
          minmay_slime_entry_oklob_enclosed, grunt_megastairs_4
Shoals:1: layout_shoals, nicolae_shoals_siren_and_animal_friends
Shoals:2: layout_shoals, argonaut_gorgonesque
Shoals:3: layout_shoals, nicolae_shoals_lost_giant_baths
Shoals:4: shoals_end_hellmonk_storm_palace [storm_palace_center_circular,
          storm_palace_corner_pillars, storm_palace_corner_grid,
          storm_palace_corner_altar, storm_palace_corner_narrow]
Snake:1:  hangedman_cross_veins, layout_concentric_octagons, grunt_ministairs_4,
          st_stairs_9, nicolae_snake_magic_snake_eye, uniq_louise, uniq_aizul
Snake:2:  layout_gridlike, minmay_shoptagon, serial_bayou_shore_b
Snake:3:  layout_gridlike, serial_shops, nicolae_shop_behind_doors, uniq_azrael,
          uniq_nikola, uniq_asterion
Snake:4:  snake_pit_salamanders_mu, layout_rooms, serial_shops, shop_coins,
          nicolae_snake_double_loop
Orc:1:    layout_diamond_mine, uniq_harold, uniq_erica, uniq_josephine
Orc:2:    st_orc_ogre_mass, layout_caves, gammafunk_ghost_necromancy,
          uniq_donald
Elf:1:    layout_onion_city, minmay_elf_necromancy, minmay_misc_feat_alley,
          corner_web_ring
Elf:2:    nicolae_elf_blades_crystal_corner, layout_gridlike, minmay_shop_star
Vaults:1: vaults_mumra_chevron, hangedman_vaults_capsules,
          ontoclasm_vaults_fault, nicolae_vaults_know_your_exits,
          nicolae_vaults_yaktaur_gun_rack, vaults_dpeg_hooks,
          nicolae_vaults_network_barrier, nicolae_vaults_triangles, v_rooms_2,
          v_misc_28, ontoclasm_vaults_shuriken, nicolae_vaults_little_squares_4,
          nicolae_vaults_shelves_hall, nicolae_vaults_ring_of_whatevers,
          ontoclasm_vaults_gateway, v_misc_13, layout_vaults_omnibox,
          serial_shops, shop
Vaults:2: v_alt_pattern_6, st_spiral_rooms, v_misc_16,
          grunt_vaults_hallway_long, v_misc_9, minmay_crypt_entry_nasty_monster,
          vaults_dpeg_diagonal, layout_vaults_chaotic_city
Vaults:3: gammafunk_ghost_cemetery, v_alt_pattern_6,
          kennysheep_vaults_gozag_temple, v_misc_22,
          hangedman_vaults_restitches, serial_ice_h, v_misc_4,
          nicolae_vaults_what_the_h, nicolae_vaults_little_ls,
          hangedman_vaults_trim, layout_vaults_omnicross
Vaults:4: v_misc_8, vaults_room_semicircle, v_rooms_4, nicolae_vaults_big_ls,
          nicolae_vaults_bisected_slash, nicolae_vaults_network_periphery,
          vaults_mumra_chevron_long, ontoclasm_vaults_hangar,
          ontoclasm_vaults_shout, v_misc_28, vaults_room_pool,
          grunt_vaults_hallway_long, v_misc_13, dpeg_vaults_monster_row,
          layout_vaults_maze_snakey, uniq_frederick
Vaults:5
Crypt:1:  layout_misc_corridors, grunt_crypt_arrival_split
Crypt:2:  layout_misc_corridors, nzn_ghost_randoct, nicolae_crypt_niches,
          uniq_xtahua, uniq_vv
Crypt:3:  due_elkab, layout_chaotic_city, nicolae_tomb_entry_grand_gallery,
          minivault_5, uniq_mennas
Depths:1: layout_roguey, hell_entry, pan_entry, chequers_serial_rivers_micro_c,
          abyss_entry, dancing_weapons_uskayaw
Depths:2: evilmike_pillar_path, layout_cave_pools, serial_column_ruins,
          column_ruins_columns_corner, column_ruins_grid_3,
          column_ruins_columns_straight, chequers_hall_statues_corner_a,
          grunt_hell_horde, abyss_entry, pan_entry
Depths:3: nzn_winding_woodlands_huge [nzn_winding_woodlands_5x15_pool,
          nzn_winding_woodlands_5x15_jagged, nzn_winding_woodlands_5x15_eye,
          nzn_winding_woodlands_5x15_garden, nzn_winding_woodlands_5x15_pockets,
          nzn_winding_woodlands_5x15_crooked,
          nzn_winding_woodlands_5x15_concentric,
          nzn_winding_woodlands_5x15_zeroes,
          nzn_winding_woodlands_5x15_pathside_ponds,
          nzn_winding_woodlands_5x15_longhouse,
          nzn_winding_woodlands_center_lodge,
          nzn_winding_woodlands_center_pierced_h,
          nzn_winding_woodlands_15x15_killbox], layout_gridlike,
          enter_ziggurat_b, abyss_entry, hell_entry, kiku_gazebo_pond_becter,
          xom_teletrap_fun, uniq_jory
Depths:4: grunt_zot_entry_hairpin, layout_cave_shapes, hell_entry,
          rand_demon_pan_entry_9, serial_bayou_shore_b,
          nicolae_ru_sacrificial_ziggurat
Zot:1:    layout_gridville, st_single_dragon_hoard_1
Zot:2:    layout_basic, st_stairs_3, uniq_grunn
Zot:3:    kennysheep_room_grid, layout_onion_interference
Zot:4:    layout_basic
Zot:5:    layout_gridlike

Skill      XL: |  1  2  3  4  5  6  7  8  9 10 11 12 13 14 15 16 17 18 19 20 21 22 23 24 25 26 |
---------------+-------------------------------------------------------------------------------+-----
Invocations    | 1 2 3 4 5 6 7 8 10 11 12 13 14 15 16 17 18 19 20 | 20.1
Short Blades   | 1 2 3 5 6 7 8 9 10 11 12 13 14 15 16 17 18 | 18.6
Long Blades    | 1 2 3 5 6 7 8 9 10 11 12 13 14 15 16 17 18 | 18.6
Axes           | 1 2 3 5 6 7 8 9 10 11 12 13 14 15 16 17 18 | 18.6
Maces & Flails | 1 2 3 5 6 7 8 9 10 11 12 13 14 15 16 17 18 | 18.6
Polearms       | 1 2 3 5 6 7 8 9 10 11 12 13 14 15 16 17 19 | 19.2
Staves         | 1 2 3 5 6 7 8 9 10 11 12 13 14 15 16 17 18 | 18.6
Ranged Weapons | 1 2 3 5 6 7 8 9 10 11 12 13 14 15 16 17 18 | 18.6
Throwing       | 1 2 3 5 6 7 8 9 10 11 12 13 14 15 16 17 18 | 18.6
Shields        | 1 2 3 5 6 7 8 9 10 11 12 13 14 15 16 17 18 | 18.6
Unarmed Combat | 1 2 3 5 6 7 8 9 10 11 12 13 14 15 16 17 18 | 18.6
Spellcasting   | 1 2 3 5 6 7 8 9 10 11 12 13 14 15 16 17 18 | 18.6
Conjurations   | 1 2 3 4 5 6 7 8 9 10 11 12 13 14 15 | 15.8
Hexes          | 1 2 3 4 5 6 7 8 9 10 11 12 13 14 15 | 15.8
Summonings     | 1 2 3 4 5 6 7 8 9 10 11 12 13 14 15 | 15.8
Necromancy     | 1 2 3 4 5 6 7 8 9 10 11 12 13 14 15 | 15.8
Translocations | 1 2 3 4 5 6 7 8 9 10 11 12 13 14 15 | 15.8
Transmutations | 1 2 3 4 5 6 7 8 9 10 11 12 13 14 15 | 15.8
Fire Magic     | 1 2 3 4 5 6 7 8 9 10 11 12 13 14 15 | 15.8
Ice Magic      | 1 2 3 4 5 6 7 8 9 10 11 12 13 14 15 | 15.8
Air Magic      | 1 2 3 4 5 6 7 8 9 10 11 12 13 14 15 | 15.8
Earth Magic    | 1 2 3 4 5 6 7 8 9 10 11 12 13 14 15 | 15.8
Poison Magic   | 1 2 3 4 5 6 7 8 9 10 11 12 13 14 15 | 15.8
Fighting       | 3 4 5 6 7 8 9 10 11 12 13 14 15 16 17 18 | 18.7
Dodging        | 3 4 5 6 7 8 9 10 11 12 14 15 16 17 18 19 20 21 22 23 | 23.5
Armour         | 5 6 7 8 9 10 11 12 13 14 15 17 18 19 20 21 22 23 | 23.2
Stealth        | 3 4 5 6 7 8 9 10 11 12 13 14 15 16 17 18 | 18.7
Evocations     | 7 8 9 10 11 12 13 14 15 16 17 18 19 | 19.5

Action                   |  1- 3 |  4- 6 |  7- 9 | 10-12 | 13-15 | 16-18 | 19-21 | 22-24 | 25-27 || total
-------------------------+-------+-------+-------+-------+-------+-------+-------+-------+-------++-------
Melee: Dagger            |   103 |    23 |       |       |       |       |       |       |       ||   126
       Club              |     6 |       |       |       |       |       |       |       |       ||     6
       Bite              |     8 |    21 |    23 |    41 |   136 |   140 |   120 |     2 |     6 ||   497
       Long sword        |       |    95 |    62 |       |       |       |       |       |       ||   157
       Punch             |       |     2 |     1 |       |       |       |    25 |    90 |    70 ||   188
       Trident           |       |    37 |       |       |    17 |     3 |    10 |       |       ||    67
       Halberd           |       |       |   137 |   410 |   384 |       |       |       |       ||   931
       Eveningstar       |       |       |       |       |   540 |  1043 |   276 |       |       ||  1859
       Morningstar       |       |       |       |       |       |       |   470 |       |       ||   470
       Unarmed           |       |       |       |       |       |       |   203 |   778 |   475 ||  1456
       Mace              |       |       |       |       |       |       |       |     5 |    20 ||    25
Throw: Boomerang         |       |    11 |    29 |    57 |    32 |    48 |    37 |       |       ||   214
       Dart              |       |       |    40 |   127 |   222 |    43 |   123 |       |       ||   555
       Javelin           |       |       |       |    15 |    34 |    17 |    17 |       |       ||    83
       Throwing net      |       |       |       |       |       |     1 |       |       |       ||     1
 Cast: Statue Form       |       |       |       |       |       |    75 |    59 |       |       ||   134
       Wereblood         |       |       |       |       |       |    11 |     7 |     4 |     2 ||    24
       Borgnjor's Vile C |       |       |       |       |       |    50 |    63 |     9 |    13 ||   135
       Swiftness         |       |       |       |       |       |     3 |     5 |    11 |     2 ||    21
       Death Channel     |       |       |       |       |       |     5 |    51 |    36 |    45 ||   137
       Vhi's Electric Ch |       |       |       |       |       |       |    34 |    96 |    68 ||   198
       Storm Form        |       |       |       |       |       |       |    29 |    89 |    59 ||   177
       Haunt             |       |       |       |       |       |       |       |    46 |    20 ||    66
       Mephitic Cloud    |       |       |       |       |       |       |       |     2 |    10 ||    12
Invok: Call Merchant     |       |       |       |       |     1 |       |       |     1 |       ||     2
       Bribe Branch      |       |       |       |       |       |       |       |     1 |     5 ||     6
 Abil: End Transformatio |       |       |       |       |       |     2 |       |     1 |     1 ||     4
       Evoke Blink       |       |       |       |       |       |       |     1 |       |     2 ||     3
       Blinkbolt         |       |       |       |       |       |       |     1 |       |       ||     1
Evoke: Wand              |     1 |     8 |    19 |    21 |    27 |     2 |    10 |     1 |     2 ||    91
       Box of beasts     |       |       |       |     2 |     6 |     4 |     3 |     5 |     2 ||    22
       Lightning rod     |       |       |       |       |    15 |    14 |       |       |       ||    29
       Condenser vane    |       |       |       |       |     1 |     4 |     4 |     2 |     1 ||    12
       Phantom mirror    |       |       |       |       |       |     1 |     2 |     6 |     2 ||    11
       Tin of tremorston |       |       |       |       |       |       |       |     3 |     1 ||     4
  Use: Potion            |       |     1 |     1 |     7 |    11 |     5 |     2 |     6 |    10 ||    43
       Scroll            |       |       |     4 |    22 |    15 |    13 |     5 |    12 |    22 ||    93
 Stab: Sleeping          |     2 |     5 |     5 |       |       |    10 |     2 |    11 |     3 ||    38
       Distracted        |       |     1 |     2 |     4 |     9 |    19 |    23 |    12 |    11 ||    81
       Invisible         |       |       |     2 |       |     9 |     2 |     1 |       |       ||    14
       Paralysed         |       |       |     2 |    20 |     4 |       |       |       |       ||    26
       Fleeing           |       |       |       |       |       |     1 |       |       |       ||     1
       Confused          |       |       |       |       |       |       |       |       |     7 ||     7
Armor: Leather armour    |    33 |    45 |    21 |       |       |       |       |       |       ||    99
       Ring mail         |       |       |    48 |       |       |       |       |       |       ||    48
       Chain mail        |       |       |     4 |   175 |   379 |   163 |       |       |       ||   721
       Skin              |       |       |       |     5 |    20 |   346 |   302 |   106 |   101 ||   880
       Robe              |       |       |       |       |       |     8 |    33 |     1 |     2 ||    44
Dodge: Dodged            |    65 |   113 |   119 |   149 |   358 |   640 |   576 |   524 |   494 ||  3038
Block: Other             |       |       |    21 |    93 |    91 |       |    23 |    84 |    69 ||   381
       Reflection        |       |       |     1 |     2 |    20 |   121 |    86 |     5 |       ||   235
       Buckler           |       |       |       |       |   226 |    29 |       |       |       ||   255
       Kite shield       |       |       |       |       |    66 |  1273 |   746 |     7 |    15 ||  2107

Table legend: (Time is in decaauts)
 A = Elapsed time spent in this place.
 B = Non-inter-level travel time spent in this place.
 C = Inter-level travel time spent in this place.
 D = Time resting spent in this place.
 E = Time spent auto-exploring this place.
 F = Levels seen in this place.
 G = Mean time per level.
                   A        B        C        D        E       F      G
               +--------+--------+--------+--------+--------+-----+--------+
         Total |  96715 |  67588 |  29127 |  18254 |  30565 |  52 | 1859.9 |
       Dungeon |  23177 |  13919 |   9258 |   2743 |   7189 |  15 | 1545.1 |
        Temple |     58 |     38 |     20 |      0 |     31 |   1 |   58.0 |
          Lair |  12240 |   7888 |   4352 |   3749 |   1498 |   5 | 2448.0 |
        Shoals |   6632 |   4518 |   2114 |   1182 |   1463 |   4 | 1658.0 |
     Snake Pit |   9820 |   6421 |   3399 |   2267 |   1482 |   4 | 2455.0 |
  Orcish Mines |   3889 |   2103 |   1786 |    659 |    352 |   2 | 1944.5 |
   Elven Halls |   3676 |   2669 |   1007 |    576 |   1318 |   2 | 1838.0 |
        Vaults |  12971 |  10624 |   2347 |   1614 |   7172 |   5 | 2594.2 |
         Crypt |   9022 |   6152 |   2870 |   3878 |   1055 |   3 | 3007.3 |
        Depths |   7357 |   6498 |    859 |    194 |   5383 |   4 | 1839.2 |
           Zot |   6897 |   5786 |   1111 |   1116 |   3619 |   5 | 1379.4 |
         Abyss |     69 |     69 |      0 |      0 |      0 |   1 |   69.0 |
      Ice Cave |    904 |    904 |      0 |    275 |      0 |   1 |  904.0 |
               +--------+--------+--------+--------+--------+-----+--------+

Top non-repeatable levels by time:
 Crypt:3: 5885 daAuts
  Lair:4: 4284 daAuts
  Lair:5: 3377 daAuts
 Snake:1: 3159 daAuts
 Snake:4: 3119 daAuts
   Orc:2: 3071 daAuts
Depths:3: 2968 daAuts
Vaults:3: 2884 daAuts
Vaults:1: 2650 daAuts
Vaults:4: 2617 daAuts
Vaults:5: 2547 daAuts
    D:13: 2445 daAuts
Shoals:4: 2430 daAuts
Vaults:2: 2271 daAuts
    D:12: 2211 daAuts
